 Dungeon Crawl Stone Soup version 0.28-a0-1182-g381e24db82 (webtiles) character file.

Game seed: 7539940550643908603

1682528 Htamos the Merfolkian Porcupine (level 27, 219/219 (249) HPs)
             Began as a Merfolk Gladiator on Dec 17, 2021.
             Was the Champion of Okawaru.
             Escaped with the Orb
             ... and 3 runes!
             The game lasted 03:51:43 (68738 turns).

Htamos the Merfolkian Porcupine (MfGl)             Turns: 68738, Time: 03:51:44

HP:   219/219 (249) AC: 39    Str: 24 (26) XL:     27
MP:   42/42         EV: 25    Int: 11 (13) God:    Okawaru [******]
Gold: 1217          SH:  0    Dex: 21 (23) Spells: 33/56 levels left

rFire   + + .      SeeInvis +   a - +9 bardiche (vamp)
rCold   + . .      Faith    .   (shield currently unavailable)
rNeg    . . .      Spirit   +   P - +14 plate armour "Xots" {Str+5 Dex-3 Stlth+}
rPois   +          Reflect  .   c - +2 helmet {Int+3}
rElec   +          Harm     .   o - +2 cloak {Will+}
rCorr   +          Rampage  .   D - +1 pair of gloves
Will    ++++.      Rnd*Tele +   N - +0 pair of boots "Deasam" {Will+ Regen+ Slay+2 SInv}
Stlth   ..........              Q - amulet "Rar Sorph" {Spirit rElec rC+ Regen+}
HPRegen 2.06/turn               s - ring of Kuwoe {rPois rF+ Int+3 Dex+3 SInv}
MPRegen 0.28/turn               Z - ring of resist corrosion

@: studying Earth Magic, heavily drained
A: (nimble swimmer 2), mertail, fangs 1, deformed body, fire resistance 1,
teleportitis 1, no potion heal 1, inability to read while threatened, sturdy
frame 1
0: Orb of Zot
}: 3/15 runes: decaying, serpentine, silver
a: Renounce Religion, Heroism, Finesse, Duel


You escaped.
You worshipped Okawaru.
Okawaru was exalted by your worship.
You visited 10 branches of the dungeon, and saw 49 of its levels.
You visited 1 bazaar.
You also visited: Ossuary, Ice Cave and Desolation.

You collected 8335 gold pieces.
You spent 7118 gold pieces at shops.

Inventory:

Hand Weapons
 a - a +9 vampiric bardiche (weapon)
 b - the +4 glaive of Boimut {antimagic, Str+6 Int+9 Stlth-}
   (Okawaru gifted it to you on level 6 of the Lair of Beasts)

   It reduces the magical energy of the wielder, and disrupts the spells and
   magical abilities of those it strikes.
   Natural abilities and divine invocations are not affected.
   Str:       It affects your strength (+6).
   Int:       It affects your intelligence (+9).
   Stlth:     It makes you less stealthy.
 u - the +7 glaive "Bepnof" {holy, Str+7}
   (Okawaru gifted it to you on level 1 of the Vaults)

   It has been blessed by the Shining One to cause great damage to the undead
   and demons.
   Str:       It affects your strength (+7).
 B - a +4 halberd of flaming
Missiles
 d - 8 throwing nets (quivered)
 x - 10 curare-tipped darts
Armour
 c - a +2 helmet of intelligence (worn)
 h - a +6 plate armour of willpower
 o - a +2 cloak of willpower (worn)
 p - the +0 helmet of Ru's Generosity {rF- rC+++ Str-3 SInv}
   (You found it on level 3 of the Elven Halls)

   Str:       It affects your strength (-3).
   rF:        It makes you vulnerable to fire.
   rC:        It renders you almost immune to cold.
   SInv:      It lets you see invisible.
 t - the +2 ring mail of the Game of Kings {Str-3 Slay+2 SInv Stlth+}
   (You found it on level 5 of the Realm of Zot)

   Str:       It affects your strength (-3).
   Slay:      It affects your accuracy & damage with ranged weapons and melee
   (+2).
   SInv:      It lets you see invisible.
   Stlth:     It makes you more stealthy.
 D - a +1 pair of gloves (worn)
 I - a scarf of resistance
 N - the +0 pair of boots "Deasam" (worn) {Will+ Regen+ Slay+2 SInv}
   (You bought it in a shop on level 4 of the Depths)

   Slay:      It affects your accuracy & damage with ranged weapons and melee
   (+2).
   SInv:      It lets you see invisible.
   Regen:     It increases your rate of health regeneration.
   Will:      It increases your willpower.
 P - the +14 plate armour "Xots" (worn) {Str+5 Dex-3 Stlth+}
   (You bought it in a shop in a bazaar)

   Str:       It affects your strength (+5).
   Dex:       It affects your dexterity (-3).
   Stlth:     It makes you more stealthy.
 V - the +9 scales of the Dragon King {rPois rF+ rC+ Will+}
   (You bought it in a shop on level 1 of the Vaults)

   rF:        It protects you from fire.
   rC:        It protects you from cold.
   rPois:     It protects you from poison.
   Will:      It increases your willpower.
Jewellery
 l - the ring "Weah Xudou" {+Blink Dex+6}
   (You found it in the Desolation of Salt)

   [ring of dexterity]

   Dex:       It affects your dexterity (+6).
   +Blink:    It lets you blink.
 m - the ring of Qaufuxihy {rC+ Int+2}
   (You found it in the Desolation of Salt)

   [ring of protection from cold]

   Int:       It affects your intelligence (+2).
   rC:        It protects you from cold.
 n - the ring of Jumotumo {rN+ EV+4 Str+3 Int+4 Slay-6}
   (You took it off a deep elf master archer on level 3 of the Elven Halls)

   [ring of evasion]

   EV:        It affects your evasion (+4).
   Str:       It affects your strength (+3).
   Int:       It affects your intelligence (+4).
   Slay:      It affects your accuracy & damage with ranged weapons and melee
   (-6).
   rN:        It protects you from negative energy.
 s - the ring of Kuwoe (left hand) {rPois rF+ Int+3 Dex+3 SInv}
   (You found it on level 12 of the Dungeon)

   [ring of see invisible]

   Int:       It affects your intelligence (+3).
   Dex:       It affects your dexterity (+3).
   rF:        It protects you from fire.
   rPois:     It protects you from poison.
   SInv:      It lets you see invisible.
 y - the ring "Reutz" {rC+ rN+ Slay+3 Stlth+}
   (You bought it in a shop on level 2 of the Orcish Mines)

   [ring of protection from cold]

   Slay:      It affects your accuracy & damage with ranged weapons and melee
   (+3).
   rC:        It protects you from cold.
   rN:        It protects you from negative energy.
   Stlth:     It makes you more stealthy.
 F - the amulet of Crawling {Faith Slay+3}
   (You found it in the Desolation of Salt)

   [amulet of faith]

   It allows you to gain divine favour quickly.
   Slay:      It affects your accuracy & damage with ranged weapons and melee
   (+3).
 G - a ring of willpower
 K - the ring "Teppydwam" {rElec rPois Will- Str+3 Dex+5}
   (You acquired it on level 6 of the Lair of Beasts)

   [ring of poison resistance]

   Str:       It affects your strength (+3).
   Dex:       It affects your dexterity (+5).
   rElec:     It insulates you from electricity.
   rPois:     It protects you from poison.
   Will:      It decreases your willpower.
 O - the ring "Adecvets" {rC+ Will++}
   (You bought it in a shop on level 9 of the Dungeon)

   [ring of protection from cold]

   rC:        It protects you from cold.
   Will:      It greatly increases your willpower.
 Q - the amulet "Rar Sorph" (around neck) {Spirit rElec rC+ Regen+}
   (You acquired it on level 14 of the Dungeon)

   [amulet of guardian spirit]

   It causes incoming damage to be divided between your reserves of health and
   magic.
   rC:        It protects you from cold.
   rElec:     It insulates you from electricity.
   Regen:     It increases your rate of health regeneration.
 W - a +4 ring of evasion
 Z - a ring of resist corrosion (right hand)
Wands
 v - a wand of paralysis (14)
 z - a wand of flame (72)
 C - a wand of iceblast (26)
 L - a wand of polymorph (30)
 T - a wand of mindburst (38)
 Y - a wand of digging (15)
Scrolls
 g - 5 scrolls of teleportation
 j - 5 scrolls of immolation
 k - 9 scrolls of noise
 r - 2 scrolls of holy word
 w - 10 scrolls of fog
 E - a scroll of silence
 H - 13 scrolls of identify {@rr}
 M - a scroll of magic mapping
 S - 3 scrolls of fear
Potions
 f - a potion of mutation
 U - 4 potions of cancellation
 X - 4 potions of haste
Miscellaneous
 R - a condenser vane


   Skills:
 O Level 27 Fighting
 O Level 27 Polearms
 - Level 2.0 Throwing
 + Level 18.8 Armour
 O Level 27 Dodging
 + Level 15.0 Spellcasting
 - Level 10.0 Transmutations
 - Level 15.0 Invocations


You had 33 spell levels left.
You knew the following spells:

 Your Spells              Type           Power      Damage    Failure   Level
a - Wereblood             Tmut           30%        N/A       1%          2
b - Passwall              Tmut/Erth      15%        N/A       6%          2
c - Ice Form              Ice/Tmut       19%        N/A       36%         4
d - Silence               Hex/Air        4%         N/A       100%        5
e - Blade Hands           Tmut           15%        N/A       14%         5
f - Petrify               Tmut/Erth      19%        N/A       36%         4
g - Apportation           Tloc           16%        N/A       30%         1

Your spell library contained the following spells:

 Spells                   Type           Power      Damage    Failure   Level
 Spider Form              Tmut/Pois      19%        N/A       12%         3
 Ignite Poison            Fire/Tmut/Pois 15%        N/A       24%         3
 Foxfire                  Conj/Fire      32%        2x1d5     30%         1
 Freeze                   Ice            32%        1d5       30%         1
 Magic Dart               Conj           32%        1d4       30%         1
 Sandblast                Erth           16%        2d6       30%         1
 Shock                    Conj/Air       32%        1d5       30%         1
 Slow                     Hex            32%        N/A       30%         1
 Blink                    Tloc           16%        N/A       43%         2
 Corpse Rot               Necr/Air       16%        N/A       43%         2
 Ensorcelled Hibernation  Hex/Ice        16%        N/A       43%         2
 Poisonous Vapours        Pois/Air       16%        N/A       43%         2
 Sublimation of Blood     Necr           8%         N/A       43%         2
 Confusing Touch          Hex            8%         N/A       67%         3
 Conjure Flame            Conj/Fire      8%         6-21      67%         3
 Dazzling Flash           Conj/Hex       16%        N/A       67%         3
 Frozen Ramparts          Ice            16%        1d3       67%         3
 Inner Flame              Hex/Fire       8%         N/A       67%         3
 Lesser Beckoning         Tloc           8%         N/A       67%         3
 Mephitic Cloud           Conj/Pois/Air  8%         N/A       67%         3
 Portal Projectile        Hex/Tloc       16%        N/A       67%         3
 Stone Arrow              Conj/Erth      16%        3d8       67%         3
 Swiftness                Air            8%         N/A       67%         3
 Teleport Other           Tloc           8%         N/A       67%         3
 Vampiric Draining        Necr           8%         2d6       67%         3
 Irradiate                Conj/Tmut      9%         3d17      73%         5
 Airstrike                Air            4%         N/A       97%         4
 Cause Fear               Hex            4%         N/A       97%         4
 Dispel Undead            Necr           8%         3d8       97%         4
 Flame Wave               Conj/Fire      8%         2d4       97%         4
 Fulminant Prism          Conj/Hex       4%         3d6       97%         4
 Hailstorm                Conj/Ice       8%         3d4       97%         4
 Iskenderun's Mystic Bla  Conj/Tloc      8%         2d4       97%         4
 Leda's Liquefaction      Hex/Erth       4%         N/A       97%         4
 Passage of Golubria      Tloc           8%         N/A       97%         4
 Sticky Flame             Conj/Fire      8%         2d3       97%         4
 Eringya's Noxious Bog    Tmut/Pois      9%         N/A       99%         6
 Statue Form              Tmut/Erth      12%        N/A       99%         6
 Dragon Form              Tmut           15%        N/A       99%         7
 Excruciating Wounds      Necr           4%         N/A       100%        5
 Fireball                 Conj/Fire      4%         3d4       100%        5
 Freezing Cloud           Conj/Ice/Air   4%         6-21      100%        5
 Iskenderun's Battlesphe  Conj           8%         2d6       100%        5
 Lee's Rapid Deconstruct  Erth           4%         3d6*      100%        5
 Lightning Bolt           Conj/Air       4%         1d15      100%        5
 Manifold Assault         Tloc           8%         N/A       100%        5
 Metabolic Englaciation   Hex/Ice        4%         N/A       100%        5
 Dispersal                Tloc           4%         N/A       100%        6
 Iron Shot                Conj/Erth      4%         9d2       100%        6
 Starburst                Conj/Fire      4%         6d3       100%        6
 Ozocubu's Refrigeration  Ice            4%         4d5       100%        7
 Storm Form               Tmut/Air       9%         N/A       100%        7
 Disjunction              Tloc           4%         N/A       100%        8
 Ignition                 Fire           4%         3d4       100%        8
 Lehudib's Crystal Spear  Conj/Erth      4%         10d3      100%        8
 Maxwell's Capacitive Co  Air            4%         ∞         100%        8
 Chain Lightning          Conj/Air       4%         3d5       100%        9
 Animate Skeleton         Necr           Unusable   N/A       N/A         1
 Summon Small Mammal      Summ           Unusable   N/A       N/A         1
 Call Imp                 Summ           Unusable   N/A       N/A         2
 Summon Guardian Golem    Hex/Summ       Unusable   N/A       N/A         3
 Tukima's Dance           Hex            Unusable   N/A       N/A         3
 Animate Armour           Summ/Erth      Unusable   N/A       N/A         4
 Summon Ice Beast         Ice/Summ       Unusable   N/A       N/A         4
 Summon Lightning Spire   Summ/Air       Unusable   N/A       N/A         4
 Summon Mana Viper        Hex/Summ       Unusable   N/A       N/A         5
 Death Channel            Necr           Unusable   N/A       N/A         6
 Haunt                    Necr/Summ      Unusable   N/A       N/A         7
 Spellforged Servitor     Conj/Summ      Unusable   N/A       N/A         7
 Summon Hydra             Summ           Unusable   N/A       N/A         7
 Dragon's Call            Summ           Unusable   N/A       N/A         9

Dungeon Overview and Level Annotations

Branches:
Dungeon (15/15)            Temple (1/1) D:7            Lair (6/6) D:10
  Swamp (4/4) Lair:2        Snake (4/4) Lair:4        Slime (0/5) Lair:5
    Orc (2/2) D:12            Elf (3/3) Orc:2        Vaults (5/5) D:14
  Crypt (0/3) Vaults:3     Depths (4/4) D:15            Zot (5/5) Depths:4
Ossuary (visited)           IceCv (visited)         Desolation (visited)

Altars:
Ashenzari
Cheibriados
Dithmenos
Elyvilon
Fedhas
Gozag
Hepliaklqana
Kikubaaqudgha
Makhleb
Nemelex Xobeh
Okawaru
Qazlal
Ru
Sif Muna
Trog
Uskayaw
Vehumet
Wu Jian
Xom
Yredelemnul
Zin
The Shining One
Beogh
Jiyva

Shops:
D:1 *   D:2 [(([   D:9 =   Orc:1 *   Orc:2 (!=*[   Elf:2 =   Elf:3 :
Vaults:1 *=!:[   Vaults:3 (   Depths:2 !   Depths:4 [

Portals:
Hell: Depths:1 Depths:2 Depths:3 Depths:4
Abyss: Depths:1 Depths:3
Pandemonium: Depths:2
Ziggurat: Depths:1
Trove: D:11 (show slimy rune of Zot)

Annotations:
D:2 Sigmund
D:3 exclusion: downstairs
D:11 3 runed translucent doors, GregHouse's ghost, journeyman HOMo
D:14 6 transporters
Swamp:3 exclusion: 2 downstairs
Swamp:4 Roxanne
Depths:1 exclusions: angel, daeva and 2 more exclusions
Zot:1 2 transporters


Innate Abilities, Weirdness & Mutations

((You are quick and stealthy near water. (Stealth+, EV+, Speed+++)))
Your lower body shifts to a powerful aquatic tail in water.
You have very sharp teeth.
Armour fits poorly on your strangely shaped body.
Your flesh is heat resistant. (rF+)
You are occasionally teleported next to monsters.
Potions are less effective at restoring your health.
You sometimes lose the ability to read scrolls when taking damage.
Your movements are slightly less encumbered by armour. (ER -2)


Message History

You feel the Orb delaying your translocation!
A seraph comes into view.
It is wielding a +8 great sword of flaming.
Unknown command.
Press: ? - help, v - describe, . - travel
Here: a seraph, wielding a +8 great sword of flaming and wearing +2 pearl dragon scales (haloed)
The floor.
The angel hits you but does no damage.
The angel hits you with a +2 whip of holy wrath!
The angel hits you with a +2 whip of holy wrath.
The angel hits you but does no damage. The angel completely misses you.
The angel misses you.
The angel hits you with a +2 whip of holy wrath.
The angel completely misses you.
The seraph gestures.
Your surroundings suddenly seem different.
Aiming: Dig
Press: ? - help, Shift-Dir - straight line A rock wall.
This square is covered in magical glow.
The rock shatters into small pieces.
Aiming: Dig
Press: ? - help, Shift-Dir - straight line A rock wall.
This square is covered in magical glow.
The rock shatters into small pieces.
An Orb Guardian comes into view.
Aiming: Dig
Press: ? - help, Shift-Dir - straight line A rock wall.
This square is covered in magical glow.
The rock shatters into small pieces.
There is a staircase leading out of the dungeon here.
What are your orders? t - Shout!
Orders for allies: a - Attack new target. r - Retreat! s - Stop attacking. g - Guard the area. f - Follow me.
Anything else - Cancel.
You shout for attention!
You have escaped!

#####......[...# #.# #######..
#.............# #.# #..
#.##..........# #.# ########..
#.####.##.....# #.# #.....†..#
#.# #..#.....# #.#####.########
#.# #.......####....##.# #
#.####.......#..#....##.#
#............'..X....##.########
##############.@#...............
###.÷..#....###########
##...####.#### #..÷## #.# ##..##
#.# #...## #.# #(...# #.#
#....#####.# #....##....#


You could see an Orb Guardian.

Vanquished Creatures
  A dread lich (Vaults:5)
  5 orbs of fire
  Mara (Swamp:4)
  2 ancient liches (Zot:5)
  A juggernaut (Depths:3)
  6 Killer Klowns (Zot:5)
  2 caustic shrikes (Depths:3)
  Xtahua (Vaults:2)
  Vashnia (Snake:2)
  A curse toe (Zot:5)
  13 golden dragons
  Jory (Vaults:3)
  A profane servitor (Depths:3)
  the Enchantress (Depths:2)
  A Brimstone Fiend (D:14)
  2 Tzitzimimeh
  2 electric golems (Zot:5)
  Jorgrun (Snake:3)
  A walking crystal tome (Depths:3)
  Mlioglotl (Snake:2)
  2 liches
  2 Ice Fiends (IceCv)
  27 Orb Guardians
  14 tentacled monstrosities
  2 deep elf master archers (Elf:3)
  A walking frostbound tome (Depths:3)
  5 deep elf blademasters
  7 titans
  4 quicksilver dragons
  6 death cobs
  Agnes (Snake:4)
  Frances (Snake:2)
  7 sphinxes
  A thorn hunter (Swamp:4)
  8 shadow dragons
  7 nagarajas (Snake:4)
  9 tengu reavers
  A daeva (D:3)
  11 storm dragons
  The ghost of Ijustatesigmund the Severer, a journeyman HOFi of Cheibriados (Orc:2)
  7 draconian knights
  4 draconian monks
  The ghost of Zaept the Severer, an adept GrBe of Trog (Elf:3)
  2 fenstrider witches (Swamp:2)
  6 ghost moths
  2 balrugs
  The ghost of Hucluil the Destroyer, a journeyman NaIE of Cheibriados (D:15)
  Aizul (Snake:3)
  16 frost giants
  9 deep elf sorcerers
  4 deep elf elementalists
  An imperial myrmidon (Desolation)
  3 iron dragons
  18 vault wardens
  A caustic shrike zombie (Depths:3)
  8 fire giants
  2 orc warlords
  5 draconian shifters
  5 draconian scorchers
  Louise (Swamp:1)
  A hydra skeleton (Swamp:4)
  A cacodemon (D:6)
  6 spriggan defenders
  3 ghouls
  4 draconian annihilators
  4 draconian stormcallers
  6 war gargoyles
  3 vampire knights
  5 ironbound thunderhulks
  Nessos (D:13)
  11 ironbound preservers
  29 stone giants
  5 entropy weavers
  8 deep elf demonologists
  2 eleionomae
  A lorocyproca (Zot:5)
  8 green draconians
  16 deep elf annihilators
  5 bunyips
  31 very ugly things
  11 red draconians
  10 black draconians
  7 purple draconians
  A spark wasp (Depths:3)
  Azrael (Snake:2)
  13 dire elephants
  13 white draconians
  12 yellow draconians
  11 ettins
  4 crystal guardians (Desolation)
  4 deep elf death magi
  A green death (Depths:1)
  4 deep elf high priests (Elf:3)
  10 great orbs of eyes
  11 yaktaur captains
  10 ragged hierophants (Desolation)
  8 fire dragons
  Fannar (Orc:1)
  4 shambling mangroves (Swamp:4)
  6 ice dragons
  Harold (D:8)
  16 hydras
  4 salamander tyrants
  An ice dragon (shapeshifter) (Vaults:5)
  13 naga warriors
  A hydra (shapeshifter) (Depths:3)
  3 boulder beetles
  An ogre mage (Orc:1)
  2 catoblepae
  12 peacekeepers
  4 servants of whispers
  15 anacondas
  3 spriggan air magi
  34 vault guards
  3 hell beasts
  4 ghost crabs
  14 ironbound frosthearts
  13 two-headed ogres
  5 tengu warriors
  12 alligators
  8 centaur warriors
  4 deep troll shamans
  5 death yaks (Lair:6)
  5 orc high priests
  4 deep troll earth magi
  17 naga sharpshooters
  26 dancing weapons
  20 spriggans
  9 shock serpents
  2 soul eaters (Depths:1)
  Urug (Lair:6)
  The ghost of anet the Fighter, a novice GrCj of Ashenzari (Lair:1)
  25 deep elf knights
  Sonja (Lair:2)
  4 spriggan berserkers (Depths:3)
  10 sun demons
  A titan skeleton (Depths:3)
  9 hell knights
  5 salamander mystics
  A shadow wraith (Vaults:5)
  8 iron trolls
  3 sixfirhies
  5 goliath frogs
  8 skeletal warriors (Vaults:3)
  A sea snake (Snake:1)
  3 obsidian statues
  2 storm dragon skeletons
  5 glowing orange brains
  8 spriggan druids
  5 flayed ghosts
  34 deep trolls
  A death drake (Swamp:2)
  A sea snake (shapeshifter) (Vaults:5)
  15 ironbound convokers
  3 bog bodies
  10 swamp dragons
  4 naga ritualists
  21 deep elf archers
  5 spectral hydras (Swamp:4)
  6 necromancers
  A phantasmal warrior (Swamp:4)
  Pikel (D:4)
  10 orc knights
  11 lindwurms
  3 spriggan simulacra (IceCv)
  32 deep elf zephyrmancers
  10 wizards
  51 deep elf pyromancers
  3 mana vipers
  37 ugly things
  28 moths of wrath
  3 iron dragon zombies
  7 orc sorcerers
  2 stone giant zombies
  4 manticores
  A stone giant skeleton (Vaults:4)
  20 salamanders
  3 will-o-the-wisps
  3 cyclopes
  2 sphinx skeletons (Vaults:3)
  3 oklob plants (Swamp:4)
  16 guardian serpents
  15 naga magi
  2 smoke demons
  16 elephants
  41 black mambas
  A molten gargoyle (Desolation)
  22 vault sentinels
  A centaur skeleton (D:15)
  4 orange demons
  An unseen horror (D:10)
  A torpor snail (Lair:5)
  8 cane toads
  14 rime drakes
  10 freezing wraiths
  A kobold demonologist (D:9)
  2 golden dragon simulacra
  A tormentor (Depths:1)
  5 ice devils (IceCv)
  13 komodo dragons
  6 efreet
  2 yaktaur skeletons (Vaults:3)
  2 hellwings (Depths:1)
  24 yaktaurs
  An anaconda simulacrum (IceCv)
  3 tengu conjurers
  4 entropy weaver simulacra (IceCv)
  2 red devils (Depths:1)
  2 elf skeletons (Vaults:3)
  A queen bee (Lair:3)
  8 trolls
  2 jumping spiders
  A polar bear (Lair:3)
  6 tyrant leeches
  2 bloated husks (Swamp:2)
  52 saltlings
  21 hornets
  2 hydra zombies (Swamp:4)
  2 death drake skeletons (Swamp:4)
  A wind drake (shapeshifter) (Depths:3)
  24 slime creatures
  21 blink frogs
  A snapping turtle (shapeshifter) (Depths:3)
  9 dream sheep
  A fire giant simulacrum (Vaults:4)
  A tarantella (shapeshifter) (Vaults:5)
  A redback (shapeshifter) (Vaults:5)
  3 ynoxinuls
  4 air elementals
  A centaur simulacrum (D:15)
  2 ettin skeletons (Vaults:3)
  11 redbacks
  9 water elementals
  2 wraiths
  25 yaks
  2 vampires
  8 wyverns
  19 humans (D:14)
  7 fire elementals
  2 fire bats (Depths:3)
  7 neqoxecs
  Eustachio (D:6)
  Grum (D:8)
  Edmund (D:6)
  3 vampire mosquitoes
  4 basilisks
  9 wargs
  Menkaure (D:3)
  11 steam dragons
  A minotaur simulacrum (IceCv)
  42 nagas
  14 swamp worms
  A swamp worm (shapeshifter) (D:15)
  Duvessa (D:5)
  17 water moccasins
  An acid dragon (D:12)
  5 hell hounds
  3 hydra simulacra
  An ice beast (D:7)
  An ogre skeleton (Vaults:3)
  32 orc warriors
  8 black bears
  6 swamp drakes
  2 hornet zombies
  4 necrophages
  A sky beast (D:6)
  3 swamp dragon zombies (Swamp:4)
  11 ogres
  30 wolves
  14 centaurs
  3 human skeletons
  A swamp dragon skeleton (Swamp:4)
  A phantom (D:4)
  A lemure (D:5)
  2 kobold brigands
  A gnoll sergeant (D:10)
  13 bullfrogs
  4 earth elementals
  A deep troll simulacrum (IceCv)
  15 scorpions
  Dowan (D:5)
  35 killer bees
  A lindwurm simulacrum (IceCv)
  5 wights (D:6)
  3 howler monkeys
  An electric eel (D:14)
  A bullfrog zombie (D:6)
  6 centaur zombies
  2 quasits (Orc:2)
  3 gnoll shamans
  A human zombie (Ossuary)
  2 hounds (D:9)
  10 orc priests
  3 iguanas
  11 orc wizards
  4 scorpion zombies (Ossuary)
  5 hell rats (Lair:6)
  A killer bee zombie (D:8)
  3 mummies (Ossuary)
  7 adders
  21 gnolls
  2 river rats (Lair:3)
  2 shadow imps
  3 white imps
  An ufetubus (D:5)
  A worm (shapeshifter) (Depths:2)
  2 worms (D:2)
  4 dart slugs
  82 orcs
  7 ball pythons
  8 bats
  6 endoplasms
  4 giant cockroaches
  A gnoll zombie (Ossuary)
  3 goblins
  10 hobgoblins
  4 jackals
  22 kobolds
  A frilled lizard (D:2)
  2 goblin zombies (Ossuary)
  2 hobgoblin zombies (Ossuary)
  A jackal skeleton (D:3)
  An orc zombie (Ossuary)
  7 rats
  A bush (Lair:6)
  10 butterflies (Zot:5)
2315 creatures vanquished.

Vanquished Creatures (others)
  A draconian knight (Zot:2)
  A draconian annihilator (Zot:1)
  A two-headed ogre (D:12)
  An alligator (Swamp:2)
  A deep elf knight (Elf:2)
  A wizard (Vaults:3)
  A deep elf pyromancer (Elf:1)
  2 bloated husks
  2 hornets (Swamp:4)
  2 spriggans (Swamp:4)
  A swamp worm (Swamp:2)
  An orc warrior (Orc:1)
  2 electric eels (D:12)
  An orc (Vaults:5)
  6 foxfires
  76 fungi
  106 plants
206 creatures vanquished.

Grand Total: 2521 creatures vanquished

Notes
Turn   | Place    | Note
-------+----------+-------------------------------------------
     0 | D:1      | Htamos the Merfolk Gladiator began the quest for the Orb.
     0 | D:1      | Reached XP level 1. HP: 16/16 MP: 1/1
   114 | D:1      | Found Pirerpho's Assorted Antiques.
   122 | D:1      | Reached XP level 2. HP: 23/23 MP: 2/2
   275 | D:1      | Reached skill level 5 in Polearms
   797 | D:2      | Reached XP level 3. HP: 28/28 MP: 3/3
   859 | D:2      | Found Hemepenk's Antique Armour Shop.
   860 | D:2      | Found a glowing golden altar of the Shining One.
  1191 | D:2      | Found Hyixi's Antique Armour Emporium.
  1385 | D:2      | Found Moolael's Antique Weapon Boutique.
  1583 | D:2      | Reached XP level 4. HP: 28/34 MP: 4/4
  1738 | D:2      | Found Etiokkue's Antique Weapon Shop.
  1776 | D:2      | Noticed Sigmund
  1841 | D:2      | Found a faded altar of an unknown god.
  2785 | D:3      | Noticed a black bear
  2848 | D:4      | Noticed Menkaure
  2848 | D:4      | Noticed an ogre
  2861 | D:3      | Killed Menkaure
  2862 | D:3      | Reached skill level 5 in Dodging
  2862 | D:3      | Reached XP level 5. HP: 17/42 MP: 5/5
  3073 | D:3      | Killed a black bear
  3074 | D:3      | Reached XP level 6. HP: 4/48 MP: 6/6
  3580 | D:4      | Reached XP level 7. HP: 55/55 MP: 7/7
  3968 | D:5      | Entered Level 5 of the Dungeon
  4256 | D:5      | Found a sand-covered staircase.
  4263 | Ossuary  | Entered an ossuary
  4412 | Ossuary  | Reached skill level 1 in Armour
  4428 | Ossuary  | Reached skill level 5 in Fighting
  4651 | Ossuary  | Reached XP level 8. HP: 62/62 MP: 8/8
  5009 | Ossuary  | Reached skill level 10 in Polearms
  5156 | Ossuary  | Identified a scroll of acquirement
  5157 | Ossuary  | Acquired a +2 plate armour of willpower
  5703 | D:5      | Noticed Pikel
  5753 | D:4      | Killed Pikel
  5754 | D:4      | Reached XP level 9. HP: 34/72 MP: 9/9
  6068 | D:5      | Noticed Duvessa
  6068 | D:5      | Noticed Dowan
  6089 | D:5      | Killed Duvessa
  6098 | D:5      | Killed Dowan
  6586 | D:6      | You fall into a shaft and drop 2 floors!
  6623 | D:8      | Noticed Harold
  6694 | D:7      | Found a staircase to the Ecumenical Temple.
  6703 | Temple   | Entered the Ecumenical Temple
  7528 | Temple   | Became a worshipper of Warmaster Okawaru
  7809 | D:7      | Reached skill level 10 in Dodging
  8039 | D:6      | Found a hide-covered altar of Uskayaw.
  8041 | D:6      | Noticed Edmund
  8075 | D:6      | Killed Edmund
  8173 | D:6      | Noticed Eustachio
  8183 | D:6      | Killed Eustachio
  8184 | D:6      | Reached XP level 10. HP: 63/80 MP: 10/10
  8353 | D:6      | Reached * piety under Okawaru
  9728 | D:8      | Killed Harold
  9728 | D:8      | Reached ** piety under Okawaru
  9770 | D:8      | Noticed Grum
 10127 | D:9      | Found Wistiuv's One-of-a-Kind Rings.
 10478 | D:9      | Reached *** piety under Okawaru
 10734 | D:9      | Noticed a kobold demonologist
 10741 | D:9      | Killed a kobold demonologist
 10742 | D:9      | Reached XP level 11. HP: 90/90 MP: 11/11
 10898 | D:9      | Found the +1 cloak of Starlight {*Dazzle EV+4 Stlth--}
 11250 | D:9      | Reached skill level 10 in Fighting
 11266 | D:9      | Learned a level 2 spell: Wereblood
 11968 | D:8      | Noticed a deep elf pyromancer
 12094 | D:8      | Killed Grum
 12094 | D:8      | Received a gift from Okawaru
 12751 | D:9      | Bought the ring "Adecvets" {rC+ Will++} for 444 gold pieces
 12755 | D:9      | Bought a +2 ring of slaying for 231 gold pieces
 12766 | D:10     | Entered Level 10 of the Dungeon
 12849 | D:10     | Found a staircase to the Lair.
 12885 | D:10     | Reached **** piety under Okawaru
 13597 | D:10     | Noticed a two-headed ogre
 13605 | D:10     | Killed a two-headed ogre
 13668 | D:10     | Identified the +3 hand axe "Laich" {vorpal, Fly}
 14650 | Lair:1   | Entered Level 1 of the Lair of Beasts
 14874 | Lair:1   | Acquired an amulet of faith
 14890 | Lair:1   | Reached skill level 15 in Polearms
 15042 | Lair:1   | Found a runed translucent gate.
 15042 | Lair:1   | Found a runed translucent gate.
 15042 | Lair:1   | Found a runed translucent gate.
 15044 | Lair:1   | Noticed anet's ghost (novice GrCj)
 15067 | Lair:1   | Killed anet's ghost
 15067 | Lair:1   | Reached ***** piety under Okawaru
 15068 | Lair:1   | Reached skill level 5 in Armour
 15321 | Lair:1   | Identified the +1 leather armour "Kiuho" {rPois Will+ Int+4
                  | Stlth-}
 15436 | Lair:1   | Reached XP level 12. HP: 100/100 MP: 12/12
 16043 | Lair:2   | Received a gift from Okawaru
 16391 | Lair:2   | Noticed Sonja
 16397 | Lair:2   | Killed Sonja
 16410 | Lair:2   | Received a gift from Okawaru
 16546 | Lair:2   | Found a staircase to the Swamp.
 16688 | Lair:3   | Noticed an eight-headed hydra
 16849 | Lair:3   | Killed a two-headed hydra
 16921 | Lair:3   | Reached ****** piety under Okawaru
 17527 | Lair:3   | Received a gift from Okawaru
 18042 | Lair:3   | Reached skill level 15 in Dodging
 18194 | Lair:3   | Reached XP level 13. HP: 88/109 MP: 13/13
 18960 | Lair:4   | Identified the +9 quarterstaff of the Doomed Warrior
                  | {antimagic, rElec Str-4 Int+4}
 19286 | Lair:4   | Found a staircase to the Snake Pit.
 20163 | Lair:5   | Found a staircase to the Slime Pits.
 20163 | Lair:5   | Found a viscous altar of Jiyva.
 20422 | Lair:5   | Identified the +0 cloak of the Thinker {Str+4 Int+3}
                  | (Okawaru gifted it to you on level 5 of the Lair of Beasts)
 20422 | Lair:5   | Received a gift from Okawaru
 20592 | Lair:5   | Identified the +4 mace of Wyrd {vorpal, Will- Str+2 Dex+3}
 20963 | Lair:6   | Entered Level 6 of the Lair of Beasts
 21552 | Lair:6   | Noticed a fire dragon
 22039 | Lair:6   | Noticed Urug
 22055 | Lair:6   | Killed Urug
 22120 | Lair:6   | Identified the +4 glaive of Boimut {antimagic, Str+6 Int+9
                  | Stlth-} (Okawaru gifted it to you on level 6 of the Lair of
                  | Beasts)
 22120 | Lair:6   | Received a gift from Okawaru
 22151 | Lair:6   | Killed a fire dragon
 22166 | Lair:6   | Reached XP level 14. HP: 77/119 MP: 14/14
 22454 | Lair:6   | Received a gift from Okawaru
 22994 | Lair:6   | Identified the +2 shortbow "Nid Ledi" {flame, rPois Str+4
                  | SInv}
 23678 | Lair:6   | Received a gift from Okawaru
 24329 | Lair:6   | Acquired the ring "Teppydwam" {rElec rPois Will- Str+3
                  | Dex+5}
 24353 | Lair:6   | Noticed a dire elephant
 24388 | Lair:6   | Killed a dire elephant
 24918 | D:11     | Found a runed translucent gate.
 24918 | D:11     | Found a runed translucent gate.
 24918 | D:11     | Found a runed translucent gate.
 24920 | D:11     | Noticed GregHouse's ghost (journeyman HOMo)
 25094 | D:11     | Got Sif Muna's Guide on Icy Shape Shifting
 25260 | D:11     | Found a portal to a secret trove of treasure.
 25642 | D:12     | Received a gift from Okawaru
 25643 | D:12     | Reached skill level 15 in Fighting
 25864 | D:12     | Found a staircase to the Orcish Mines.
 26555 | D:12     | Reached XP level 15. HP: 129/129 MP: 15/15
 26559 | D:12     | Identified the ring of Kuwoe {rPois rF+ Int+3 Dex+3 SInv}
 27030 | D:13     | Received a gift from Okawaru
 27285 | D:13     | Noticed Nessos
 27295 | D:13     | Killed Nessos
 27478 | D:14     | Found a transporter.
 27480 | D:14     | Found a transporter.
 27548 | D:14     | Acquired the amulet "Rar Sorph" {Spirit rElec rC+ Regen+}
 27788 | D:14     | Found a transporter.
 27794 | D:14     | Found a transporter.
 27801 | D:14     | Found a transporter.
 27808 | D:14     | Found a transporter.
 28075 | D:14     | Found a gate to the Vaults.
 28110 | D:13     | Received a gift from Okawaru
 28294 | D:15     | Entered Level 15 of the Dungeon
 28602 | D:15     | Found a runed translucent gate.
 28602 | D:15     | Found a runed translucent gate.
 28602 | D:15     | Found a runed translucent gate.
 28821 | D:15     | Found a staircase to the Depths.
 28999 | D:15     | Noticed Hucluil's ghost (journeyman NaIE)
 29015 | D:15     | Killed Hucluil's ghost
 29105 | Orc:1    | Entered Level 1 of the Orcish Mines
 29303 | Orc:1    | Noticed Fannar
 29315 | Orc:1    | Reached XP level 16. HP: 137/138 MP: 16/16
 29342 | Orc:1    | Killed Fannar
 29649 | Orc:1    | Found Taogredo's CLEARANCE SALE!.
 29785 | Orc:2    | Entered Level 2 of the Orcish Mines
 29939 | Orc:2    | Noticed Ijustatesigmund's ghost (journeyman HOFi)
 29973 | Orc:2    | Found a staircase to the Elven Halls.
 30012 | Orc:2    | Found Riosadam's General Store.
 30058 | Orc:2    | Found Cepliak's Distillery.
 30309 | Orc:2    | Found Foax's Antique Weapon Boutique.
 30373 | Orc:2    | Found Gatasinn's Antique Armour Boutique.
 30381 | Orc:2    | Bought a pair of embroidered gloves for 202 gold pieces
 30388 | Orc:2    | Found Saesewix's Jewellery Shop.
 30398 | Orc:2    | Bought the ring "Reutz" {rC+ rN+ Slay+3 Stlth+} for 825
                  | gold pieces
 30635 | Orc:2    | Found a transporter.
 30688 | Orc:2    | Found a transporter.
 30963 | Snake:1  | Entered Level 1 of the Snake Pit
 30994 | Snake:1  | Received a gift from Okawaru
 31025 | Snake:1  | Found a flickering gateway to a bazaar.
 31034 | Bazaar   | Entered a bazaar
 31034 | Bazaar   | Found Udiofozups's Armour Shoppe.
 31034 | Bazaar   | Found Yxtibasa's Armour Emporium.
 31071 | Bazaar   | Found Peid Taf's Armour Shop.
 31101 | Bazaar   | Found Vesopn's Distillery.
 31105 | Bazaar   | Found Caihonob's Jewellery Shop.
 31140 | Bazaar   | Bought the +14 plate armour "Xots" {Str+5 Dex-3 Stlth+} for
                  | 1363 gold pieces
 31298 | Snake:1  | Reached skill level 1 in Invocations
 31628 | Snake:1  | Identified the +6 quarterstaff of the Desert {venom, rElec
                  | rCorr SInv}
 31763 | Snake:2  | Noticed Frances
 31916 | Snake:2  | Noticed Azrael
 31923 | Snake:2  | Killed Azrael
 31965 | Snake:2  | Killed Frances
 32080 | Snake:2  | Identified the +8 glaive of Irron {vorpal, Dex+5} (Okawaru
                  | gifted it to you on level 2 of the Snake Pit)
 32080 | Snake:2  | Received a gift from Okawaru
 32218 | Snake:2  | Reached skill level 5 in Invocations
 32224 | Snake:2  | Noticed Vashnia
 32250 | Snake:2  | Killed Vashnia
 32251 | Snake:2  | Reached XP level 17. HP: 146/147 MP: 12/21
 32606 | Snake:3  | Noticed Mlioglotl
 32626 | Snake:2  | Killed Mlioglotl
 33001 | Snake:3  | Noticed Jorgrun
 33009 | Snake:3  | Killed Jorgrun
 33019 | Snake:3  | Noticed Aizul
 33037 | Snake:3  | Killed Aizul
 33044 | Snake:3  | Received a gift from Okawaru
 33137 | Snake:3  | Identified the +2 quarterstaff "Hyroreik" {drain, Will++
                  | Int+3 Stlth-}
 33404 | Snake:4  | Entered Level 4 of the Snake Pit
 33945 | Snake:4  | Received a gift from Okawaru
 34002 | Snake:4  | Received a gift from Okawaru
 34082 | Snake:4  | Reached XP level 18. HP: 151/157 MP: 20/24
 34292 | Snake:4  | Noticed Agnes
 34300 | Snake:4  | Killed Agnes
 34557 | Snake:4  | Got a serpentine rune of Zot
 34635 | Snake:4  | Reached skill level 10 in Invocations
 34763 | Swamp:1  | Entered Level 1 of the Swamp
 34848 | Swamp:1  | Noticed Louise
 34877 | Swamp:1  | Killed Louise
 35379 | Swamp:2  | Reached skill level 10 in Armour
 35569 | Swamp:2  | Received a gift from Okawaru
 35585 | Swamp:2  | Paralysed by a fenstrider witch for 5 turns
 36482 | Swamp:3  | Received a gift from Okawaru
 36647 | Swamp:4  | Entered Level 4 of the Swamp
 36647 | Swamp:4  | Identified Roxanne's Incunabulum of Earth
 36647 | Swamp:4  | Noticed Roxanne
 36648 | Swamp:4  | Noticed Mara
 36717 | Swamp:4  | Noticed Htamos's illusion
 37136 | Swamp:4  | Noticed Htamos's illusion
 37167 | Swamp:4  | Noticed Htamos's illusion
 37177 | Swamp:4  | Killed Mara
 37178 | Swamp:4  | Reached XP level 19. HP: 116/165 MP: 22/27
 37971 | Swamp:4  | Found a basalt altar of Yredelemnul.
 37991 | Swamp:4  | Found a blossoming altar of Fedhas.
 38565 | Swamp:4  | Got a decaying rune of Zot
 38856 | Vaults:1 | Entered Level 1 of the Vaults
 38994 | Vaults:1 | Found Gihel's Armour Boutique.
 39019 | Vaults:1 | Found Ceklya's Book Boutique.
 39051 | Vaults:1 | Identified the +7 glaive "Bepnof" {holy, Str+7} (Okawaru
                  | gifted it to you on level 1 of the Vaults)
 39051 | Vaults:1 | Received a gift from Okawaru
 39737 | Vaults:1 | Found Ecelan's Distillery.
 39742 | Vaults:1 | Bought a potion of might for 56 gold pieces
 39943 | Vaults:1 | Identified the +4 dagger of Eruschimp {drain, rN++ Will+
                  | Str+2 Int-4}
 40096 | Vaults:1 | Found Giammuz's Assorted Antiques.
 40221 | Vaults:1 | Found Giammuz's Jewellery Emporium.
 40371 | Vaults:2 | Received a gift from Okawaru
 40666 | Vaults:2 | Reached XP level 20. HP: 171/174 MP: 27/30
 41087 | Vaults:2 | Received a gift from Okawaru
 41107 | Vaults:2 | Noticed Xtahua
 41212 | Vaults:2 | Killed Xtahua
 41660 | Vaults:3 | Identified the +4 halberd of the Hierophant {vorpal,
                  | *Corrode +Blink rN+} (Okawaru gifted it to you on level 3
                  | of the Vaults)
 41660 | Vaults:3 | Received a gift from Okawaru
 41754 | Vaults:3 | Reached skill level 15 in Invocations
 42404 | Vaults:3 | Found Ycleiw's Weapon Shop.
 42544 | Vaults:3 | Noticed Jory
 42564 | Vaults:3 | Killed Jory
 42564 | Vaults:3 | Received a gift from Okawaru
 43123 | Vaults:3 | Found a staircase to the Crypt.
 43211 | Vaults:3 | Reached XP level 21. HP: 177/183 MP: 32/32
 43677 | Vaults:4 | Received a gift from Okawaru
 45212 | Depths:1 | Entered Level 1 of the Depths
 45407 | Depths:1 | Received a gift from Okawaru
 45463 | Depths:1 | Found a one-way gateway to a ziggurat.
 45938 | Depths:1 | Found a shimmering blue altar of Sif Muna.
 46068 | Depths:1 | Found a one-way gate to the infinite horrors of the Abyss.
 46287 | Depths:1 | Found a gateway to Hell.
 46550 | Depths:2 | Noticed a golden dragon
 46639 | Depths:1 | Killed a golden dragon
 46772 | Depths:2 | Found Qunuas's Distillery.
 46787 | Depths:2 | Bought a potion of might for 92 gold pieces
 46824 | Depths:2 | Found a one-way gate leading to the halls of Pandemonium.
 47010 | Depths:2 | Noticed the Enchantress
 47020 | Depths:2 | Killed the Enchantress
 47639 | Depths:2 | Reached XP level 22. HP: 179/192 MP: 27/33
 47986 | Depths:3 | Reached skill level 27 in Polearms
 48015 | Depths:2 | Received a gift from Okawaru
 48143 | Depths:3 | Received a gift from Okawaru
 48199 | Depths:3 | Noticed a caustic shrike
 48199 | Depths:3 | Noticed a juggernaut
 48208 | Depths:3 | Killed a caustic shrike
 48221 | Depths:3 | Killed a juggernaut
 48225 | Depths:3 | Reached skill level 1 in Spellcasting
 48301 | Depths:3 | Identified the +2 trident "Ruocarhe" {drain, rElec Int+4}
 48381 | Depths:3 | Noticed a golden dragon
 48404 | Depths:3 | Killed a golden dragon
 48449 | Depths:3 | Noticed a caustic shrike
 48458 | Depths:3 | Killed a caustic shrike
 48484 | Depths:3 | Identified the +2 robe of the Valley {-Tele Int+5} (Okawaru
                  | gifted it to you on level 3 of the Depths)
 48484 | Depths:3 | Received a gift from Okawaru
 48515 | Depths:3 | Identified the +9 spear of the Vanishing Eyes {vorpal, rF+
                  | Dex+4 Stlth+}
 48527 | Depths:3 | Noticed a golden dragon
 48537 | Depths:3 | Killed a golden dragon
 49429 | Depths:4 | Entered Level 4 of the Depths
 49680 | Depths:4 | Reached XP level 23. HP: 191/203 MP: 21/34
 49790 | Depths:4 | Found Camuir's Armour Shoppe.
 49798 | Depths:4 | Bought the +0 pair of boots "Deasam" {Will+ Regen+ Slay+2
                  | SInv} for 683 gold pieces
 50123 | Depths:4 | Received a gift from Okawaru
 50275 | Depths:4 | Found a gate to the Realm of Zot.
 50549 | Depths:4 | Learned a level 2 spell: Passwall
 50749 | Elf:1    | Entered Level 1 of the Elven Halls
 50783 | Elf:1    | Reached skill level 1 in Transmutations
 50851 | Elf:1    | Found a frozen archway.
 50863 | IceCv    | Entered an ice cave
 50883 | IceCv    | Reached skill level 5 in Spellcasting
 51142 | Elf:1    | Found a crumbling gateway.
 51146 | Desolati | Entered the Desolation of Salt
 51295 | Desolati | Identified the amulet "Cikojeyn" {rC+ rN+ Regen+ Slay-3}
 51486 | Desolati | Identified the amulet of Crawling {Faith Slay+3}
 51546 | Desolati | Got the Guide on Quantum Feathers
 51578 | Desolati | Got Ixkigg's Disquisition on Creative Air
 51603 | Desolati | Received a gift from Okawaru
 51690 | Desolati | Identified the ring of Qaufuxihy {rC+ Int+2}
 51785 | Desolati | Identified the ring "Weah Xudou" {+Blink Dex+6}
 51809 | Desolati | Got the Handbook of Beguiling and Companions
 51955 | Desolati | Identified the +11 shortbow of Gallantry {freeze, +Blink
                  | rElec}
 51958 | Desolati | Identified the ring "Tiru" {*Slow Fly Int+5}
 52335 | Elf:1    | Reached skill level 5 in Transmutations
 52598 | Elf:1    | Learned a level 4 spell: Ice Form
 52604 | Elf:1    | Learned a level 5 spell: Silence
 52610 | Elf:1    | Learned a level 5 spell: Blade Hands
 52615 | Elf:1    | Learned a level 4 spell: Petrify
 53428 | Elf:2    | Reached XP level 24. HP: 215/215 MP: 34/34
 53455 | Elf:2    | Found Resustam's Jewellery Shop.
 53905 | Elf:2    | Paralysed by an air elemental for 1 turns
 54017 | Elf:2    | Received a gift from Okawaru
 54236 | Elf:2    | Found a runed translucent gate.
 54236 | Elf:2    | Found a runed translucent gate.
 54246 | Elf:2    | Found a runed translucent gate.
 54510 | Elf:3    | Entered Level 3 of the Elven Halls
 54590 | Elf:3    | Found Biuxkowyi's Book Shoppe.
 54875 | Elf:3    | Found a runed translucent gate.
 54885 | Elf:3    | Found a runed translucent gate.
 54893 | Elf:3    | Found a runed translucent gate.
 54895 | Elf:3    | Noticed Zaept's ghost (adept GrBe)
 55358 | Elf:3    | Killed Zaept's ghost
 55379 | Elf:3    | Received a gift from Okawaru
 55423 | Elf:3    | Identified the +0 helmet of Ru's Generosity {rF- rC+++
                  | Str-3 SInv}
 55722 | Elf:3    | Found Biuxkowyi's Book Shoppe.
 56273 | Elf:3    | Identified the +11 falchion "Osa Numo" {elec, Fragile rN+
                  | Int+2 Dex+4}
 56291 | Elf:3    | Identified the +4 chain mail of Space {MP+9 SInv}
 56296 | Elf:3    | Htamos: Need a Pause :D
 56548 | Elf:3    | Found Biuxkowyi's Book Shoppe.
 56981 | Elf:3    | Identified the ring of Jumotumo {rN+ EV+4 Str+3 Int+4
                  | Slay-6}
 57448 | Elf:3    | Identified the amulet of Fanaticism {Reflect rF++ SH+5}
 57460 | Elf:3    | Received a gift from Okawaru
 57517 | Elf:3    | Identified the +12 shortbow of Exquisite Torment {vorpal,
                  | rN+}
 57627 | Elf:3    | Learned a level 1 spell: Apportation
 57712 | Elf:3    | Identified the +4 hunting sling "Tysih" {freeze, rPois rC+}
 58097 | Elf:2    | Received a gift from Okawaru
 58602 | Orc:2    | Gained mutation: Armour fits poorly on your strangely
                  | shaped body. [a neqoxec]
 58603 | Orc:2    | Gained mutation: You are occasionally teleported next to
                  | monsters. [a neqoxec]
 58608 | Orc:2    | Gained mutation: You are weak. (Str -2) [a neqoxec]
 58613 | Orc:2    | Gained mutation: You are sometimes teleported next to
                  | monsters. [a neqoxec]
 58615 | Orc:2    | Gained mutation: You are partially covered in iridescent
                  | scales. (AC +2) [a neqoxec]
 58620 | Orc:2    | Gained mutation: Your magical capacity is low. (-10% MP) [a
                  | neqoxec]
 58635 | Orc:2    | Killed Ijustatesigmund's ghost
 58649 | Orc:2    | Lost mutation: Your magical capacity is low. (-10% MP)
                  | [potion of mutation]
 58649 | Orc:2    | Lost mutation: You are partially covered in iridescent
                  | scales. (AC +2) [potion of mutation]
 58649 | Orc:2    | Lost mutation: You are weak. (Str -2) [potion of mutation]
 58649 | Orc:2    | Gained mutation: Your movements are slightly less
                  | encumbered by armour. (ER -2) [potion of mutation]
 58649 | Orc:2    | Gained mutation: You are agile. (Dex +2) [potion of
                  | mutation]
 58650 | Orc:2    | Lost mutation: Armour fits poorly on your strangely shaped
                  | body. [potion of mutation]
 58650 | Orc:2    | Lost mutation: You are sometimes teleported next to
                  | monsters. [potion of mutation]
 58650 | Orc:2    | Gained mutation: Your spells are a little harder to cast,
                  | but a little more powerful. [potion of mutation]
 58650 | Orc:2    | Gained mutation: You possess an exceptional clarity of
                  | mind. [potion of mutation]
 58651 | Orc:2    | Lost mutation: You are agile. (Dex +2) [potion of mutation]
 58651 | Orc:2    | Lost mutation: You possess an exceptional clarity of mind.
                  | [potion of mutation]
 58651 | Orc:2    | Lost mutation: Your movements are slightly less encumbered
                  | by armour. (ER -2) [potion of mutation]
 58651 | Orc:2    | Gained mutation: You have hidden genetic defects. [potion
                  | of mutation]
 58651 | Orc:2    | Gained mutation: Your movements are slightly less
                  | encumbered by armour. (ER -2) [potion of mutation]
 58652 | Orc:2    | Lost mutation: You are occasionally teleported next to
                  | monsters. [potion of mutation]
 58652 | Orc:2    | Lost mutation: You have hidden genetic defects. [potion of
                  | mutation]
 58652 | Orc:2    | Lost mutation: Your spells are a little harder to cast, but
                  | a little more powerful. [potion of mutation]
 58652 | Orc:2    | Gained mutation: You sometimes lose the ability to read
                  | scrolls when taking damage. [potion of mutation]
 58652 | Orc:2    | Gained mutation: You are covered in fur. (AC +1) [potion of
                  | mutation]
 58652 | Orc:2    | Gained mutation: Your spells are a little easier to cast,
                  | but a little less powerful. [potion of mutation]
 58891 | Vaults:5 | Entered Level 5 of the Vaults
 58919 | Vaults:4 | Received a gift from Okawaru
 59048 | Vaults:4 | Reached XP level 25. HP: 221/225 MP: 24/35
 59169 | Vaults:5 | Reached skill level 27 in Dodging
 59239 | Vaults:5 | Reached skill level 10 in Transmutations
 59749 | Vaults:5 | Reached skill level 15 in Armour
 59769 | Vaults:5 | Got a silver rune of Zot
 59773 | Vaults:5 | Got the Incunabulum of the Freezing Traveller
 59774 | Vaults:5 | Identified the +0 scale mail of the Moneychanger {Int+5}
 59868 | Vaults:5 | Identified the ring "Axuesaeq" {rPois Str+3 Int+2}
 60082 | Vaults:5 | Identified the amulet of Cuseo {Acrobat *Slow rCorr Dex+2}
 60136 | Vaults:5 | Noticed a dread lich
 60152 | Vaults:5 | Killed a dread lich
 60843 | Vaults:5 | Received a gift from Okawaru
 60968 | Vaults:5 | Identified the +2 ring mail "Earthly Heaven" {Fly rC+}
 61396 | Zot:1    | Entered Level 1 of the Realm of Zot
 61568 | Zot:1    | Reached skill level 10 in Spellcasting
 61668 | Zot:1    | Found a transporter.
 62061 | Vaults:1 | Bought the +9 scales of the Dragon King {rPois rF+ rC+
                  | Will+} for 2371 gold pieces
 62061 | Vaults:1 | Found the +9 scales of the Dragon King {rPois rF+ rC+
                  | Will+}
 62334 | Zot:1    | Found a transporter.
 62403 | Zot:1    | You fall into a shaft and drop 1 floor!
 62458 | Zot:1    | Reached XP level 26. HP: 238/239 MP: 35/37
 63385 | Zot:2    | Reached skill level 27 in Fighting
 63400 | Zot:2    | Received a gift from Okawaru
 63624 | Zot:2    | Received a gift from Okawaru
 63624 | Zot:2    | Found the +5 robe of Night {Dark Will+ SInv}
 64896 | Zot:3    | Noticed an orb of fire
 64907 | Zot:3    | Gained mutation: Armour fits poorly on your strangely
                  | shaped body. [an orb of fire]
 64915 | Zot:3    | Gained mutation: You are clumsy. (Dex -2) [an orb of fire]
 64920 | Zot:3    | Killed an orb of fire
 65147 | Depths:2 | Bought a potion of curing for 69 gold pieces
 65147 | Depths:2 | Bought a potion of haste for 230 gold pieces
 65147 | Depths:2 | Bought a potion of mutation for 184 gold pieces
 65147 | Depths:2 | Bought a potion of curing for 69 gold pieces
 65147 | Depths:2 | Bought a potion of haste for 230 gold pieces
 65147 | Depths:2 | Bought a potion of curing for 69 gold pieces
 65286 | Zot:2    | Lost mutation: You are clumsy. (Dex -2) [potion of
                  | mutation]
 65286 | Zot:2    | Lost mutation: You are covered in fur. (AC +1) [potion of
                  | mutation]
 65286 | Zot:2    | Lost mutation: Your spells are a little easier to cast, but
                  | a little less powerful. [potion of mutation]
 65286 | Zot:2    | Gained mutation: You are weak. (Str -2) [potion of
                  | mutation]
 66023 | Zot:4    | Reached XP level 27. HP: 249/249 MP: 37/38
 66406 | Zot:5    | Entered Level 5 of the Realm of Zot
 66498 | Zot:5    | Found a huge runed gate.
 66498 | Zot:5    | Found a huge runed gate.
 66498 | Zot:5    | Found a huge runed gate.
 66498 | Zot:5    | Found a huge runed gate.
 66498 | Zot:5    | Found a huge runed gate.
 66498 | Zot:5    | Found a huge runed gate.
 66499 | Zot:5    | Found a huge runed gate.
 66500 | Zot:5    | Found a huge runed gate.
 66501 | Zot:5    | Found a huge runed gate.
 66502 | Zot:5    | Found a huge runed gate.
 66507 | Zot:5    | Found a huge runed gate.
 66507 | Zot:5    | Found a huge runed gate.
 66507 | Zot:5    | Found a huge runed gate.
 66507 | Zot:5    | Found a huge runed gate.
 66507 | Zot:5    | Found a huge runed gate.
 66573 | Zot:5    | Identified the +2 ring mail of the Game of Kings {Str-3
                  | Slay+2 SInv Stlth+}
 66761 | Zot:5    | Received a gift from Okawaru
 66836 | Zot:5    | Received a gift from Okawaru
 67062 | Zot:5    | Noticed an ancient lich
 67102 | Zot:5    | Killed an ancient lich
 67131 | Zot:5    | Noticed an orb of fire
 67155 | Zot:5    | Gained mutation: You are partially covered in iridescent
                  | scales. (AC +2) [an orb of fire]
 67161 | Zot:5    | Killed an orb of fire
 67276 | Zot:5    | Noticed an ancient lich
 67287 | Zot:5    | Killed an ancient lich
 67559 | Zot:5    | Noticed an orb of fire
 67568 | Zot:5    | Gained mutation: You are clumsy. (Dex -2) [an orb of fire]
 67575 | Zot:5    | Noticed an ancient lich
 67579 | Zot:5    | Killed an orb of fire
 67582 | Zot:5    | Noticed an ancient lich
 67588 | Zot:5    | Noticed an orb of fire
 67630 | Zot:5    | Lost mutation: Armour fits poorly on your strangely shaped
                  | body. [potion of mutation]
 67630 | Zot:5    | Lost mutation: You are partially covered in iridescent
                  | scales. (AC +2) [potion of mutation]
 67630 | Zot:5    | Lost mutation: You are weak. (Str -2) [potion of mutation]
 67630 | Zot:5    | Lost mutation: You are clumsy. (Dex -2) [potion of
                  | mutation]
 67630 | Zot:5    | Gained mutation: You have very sharp teeth. [potion of
                  | mutation]
 67630 | Zot:5    | Gained mutation: Your flesh is heat resistant. (rF+)
                  | [potion of mutation]
 67643 | Zot:5    | Noticed an orb of fire
 67653 | Zot:5    | Gained mutation: Potions are less effective at restoring
                  | your health. [an orb of fire]
 67668 | Zot:5    | Gained mutation: You are occasionally teleported next to
                  | monsters. [an orb of fire]
 67689 | Zot:5    | Gained mutation: Armour fits poorly on your strangely
                  | shaped body. [an orb of fire]
 67691 | Zot:5    | Killed an orb of fire
 67721 | Zot:5    | Killed an orb of fire
 67823 | Zot:5    | Got the Orb of Zot
 68056 | Depths:4 | Noticed Waweett the pandemonium lord
 68465 | D:9      | Received a gift from Okawaru
 68486 | D:8      | Noticed Cuturghe the pandemonium lord
 68586 | D:3      | Reached skill level 15 in Spellcasting
 68680 | D:1      | Noticed a seraph
 68737 | D:1      | Htamos: How did i survive?
 68737 | D:1      | Htamos: I was way to reckless :D
 68738 | D:$      | Escaped with the Orb!

Illustrated notes

Levels and vault maps discovered:
D:1:      dpeg_arrival_ratfight, layout_basic, serial_shops, shop
D:2:      layout_loops_ring, serial_forest, infiniplex_forest_corner_1,
          infiniplex_forest_zigzag_1, infiniplex_forest_lined_room_2,
          infiniplex_forest_end_3, infiniplex_forest_lined_ring,
          infiniplex_forest_zigzag_1, basic_altar,
          shapermc_ecumenical_altar_mp_ritualfount, serial_shops,
          shop_fountains, nicolae_shop_hallway_stairs, shop_statue,
          nicolae_square_shop, minmay_worlds_worst_comb, uniq_sigmund
D:3:      layout_basic, minmay_misc_feat_four_crosses, minmay_quantized
D:4:      layout_cave_pools, minivault_27, chequers_serial_rivers_large_a,
          uniq_menkaure
D:5:      layout_loops_cross, nicolae_ossuary_entry_false_entrances,
          hangedman_decor_clover_reticule, uniq_duvessa, uniq_pikel
D:6:      layout_loops_ring, mainiacjoe_overflow_chevrons, uniq_eustachio,
          uniq_edmund
D:7:      layout_rooms, minmay_temple_entry_proselytizer,
          kennysheep_generic_room_12
D:8:      layout_layer_cave, lightli_corner_chamber, uniq_grum, uniq_harold
D:9:      kennysheep_housing_project, layout_basic, nicolae_shop_unique_rings
D:10:     layout_basic, minmay_lair_entry_grove, enter_bailey_2, special_room
          [special_room_orc]
D:11:     layout_basic, nicolae_trove_entry_diagonal, gammafunk_ghost_hydra_chop
D:12:     layout_roguey, david_orc_5, lemuel_freeze_loot_1
D:13:     layout_small_grid, uniq_nessos
D:14:     layout_big_octagon, grunt_vaults_entry_tiered, minivault_20,
          serial_nicolae_subway, nicolae_sub_station_metal,
          nicolae_sub_station_crystal, nicolae_sub_station_stone
D:15:     grunt_enter_depths_magical_seal, layout_rooms,
          ebering_ghost_rock_garden, minmay_strange_pillars
Temple:   mainiacjoe_temple_circle_huts
Lair:1:   layout_regular_city, ebering_ghost_rock_garden, st_stairs_4,
          chequers_serial_rivers_micro_a, grunt_megastairs_2
Lair:2:   layout_roguey, swamp_mist_pool, enter_volcano_4, uniq_sonja
Lair:3:   regret_index_bee_streams, layout_chaotic_city, serial_bayou_shore_b,
          grunt_megastairs_4, infiniplex_staircase_pool
Lair:4:   layout_regular_city, dummy_snake_entry, infiniplex_staircase_pool_2
Lair:5:   layout_regular_city, slime_altar_1, fungi_pond_lemuel
Lair:6:   grunt_lair_end_beastmaster, layout_loops_ring,
          bobbens_dragon_lair_wall, uniq_urug
Swamp:1:  layout_basic_swamp, hangedman_swamp_ruin_wall, uniq_louise
Swamp:2:  nzn_winding_woodlands_cross [nzn_winding_woodlands_5x15_garden,
          nzn_winding_woodlands_5x15_pool, nzn_winding_woodlands_5x15_jagged,
          nzn_winding_woodlands_5x15_zeroes,
          nzn_winding_woodlands_15x15_killbox], layout_falls_marsh,
          nicolae_swamp_treefoil
Swamp:3:  layout_basic_swamp, evilmike_swamp_ruin_rubble_1
Swamp:4:  byrel_swamp_growth_death_and_undeath, layout_basic_swamp,
          uniq_roxanne, uniq_mara
Snake:1:  layout_cave_pods, serial_shops, bzr_in_the_mist, special_room,
          minmay_snake_pond
Snake:2:  layout_rooms, lemuel_fruit_tree, uniq_azrael, uniq_vashnia,
          uniq_frances
Snake:3:  layout_layer_cave, uniq_aizul, uniq_mlioglotl, uniq_jorgrun
Snake:4:  grunt_snake_rune_serpentine_throne, layout_rooms,
          hangedman_snake_thin_pillar_pass, nicolae_snake_omega, uniq_agnes
Orc:1:    cheibrodos_orc_guarddog, layout_caves, nicolae_shop_clearance,
          uniq_fannar
Orc:2:    grunt_orc_gardens, layout_diamond_mine, grunt_orc_garden,
          grunt_orc_garden, grunt_orc_garden, grunt_orc_garden,
          gammafunk_ghost_stat_death, serial_shops, shop_coins, mines2_david
Elf:1:    elf_arrival_002, layout_loops_corners,
          portal_desolation_entry_nicolae_nacl, portal_ice_cave_entry_pillars_1
Elf:2:    nicolae_elf_blades_splatter_lattice [infiniplex_blade_entry_pillars],
          layout_gridlike, serial_shops, nicolae_shop_crystal, st_stairs_9,
          small_chamber_with_monster, einodemon_barbed_minivault
Elf:3:    nooodl_elf_gasket, layout_onion_city, serial_shops, shop,
          gammafunk_ghost_tricky_traps, minivault_11
Vaults:1: nicolae_vaults_diagonal_hallway_8, hangedman_vaults_impose,
          nicolae_vaults_stairing_the_circle, nicolae_vaults_three_branches,
          v_misc_28, nicolae_vaults_diagonal_hallway_9,
          vaults_standard_mumra_enter_the_diamond, vaults_room_door_hall,
          vaults_dpeg_spiral, vaults_mumra_chevron, layout_vaults_big_cross,
          serial_shops, shop, shop, nicolae_diamond_shop, shop, shop
Vaults:2: vaults_mumra_hexcomb, hangedman_vaults_nails, vaults_room_glass_cross,
          nicolae_vaults_network_star, v_rooms_6,
          nicolae_vaults_twisting_passages, ontoclasm_vaults_ring_square,
          vaults_dpeg_hooks, layout_vaults_maze_snakey, uniq_xtahua
Vaults:3: nicolae_vaults_network_quincunx
          [nicolae_vaults_network_quincunx_subvault,
          nicolae_vaults_network_quincunx_subvault,
          nicolae_vaults_network_quincunx_subvault,
          nicolae_vaults_network_quincunx_subvault,
          nicolae_vaults_network_quincunx_subvault],
          nicolae_vaults_specimen_jars, v_rooms_1, hangedman_vaults_locks,
          v_misc_1, nicolae_vaults_big_ls, v_misc_29, v_misc_16,
          nicolae_vaults_statue_guard, minmay_crypt_entry_skeletal_spiral,
          nicolae_vaults_little_ls, v_misc_13, layout_vaults_chaotic_city,
          serial_shops, shop, uniq_jory
Vaults:4: ontoclasm_vaults_fault, v_misc_4, nicolae_vaults_alarming,
          vaults_room_boxed, vaults_room_door_hall, v_alt_pattern_3,
          vaults_room_fours, v_misc_18, nicolae_vaults_little_squares_3,
          ontoclasm_vaults_claustrophobia, vaults_room_hangedman_quadrants,
          hangedman_vaults_impose, layout_vaults_ring
Vaults:5
Depths:1: layout_gridlike, enter_ziggurat_c, abyss_entry,
          grunt_hell_entry_demonic_statue, grunt_decor_junction,
          lemuel_blue_sif_altar
Depths:2: minmay_bloctagon_deflated, layout_honeycomb, pan_entry, serial_shops,
          nicolae_inconvenience_store, serial_sigils,
          serial_sigils_hangedman_carve, serial_sigils_hangedman_snap,
          serial_sigils_hangedman_gut, serial_sigils_hangedman_confine,
          hell_entry, minmay_staircase_bubble, uniq_enchantress
Depths:3: minmay_the_grid_square_5x5_5x5 [minmay_the_grid_square_5x5_gyroscope,
          minmay_the_grid_square_5x5_spiral_small,
          minmay_the_grid_square_5x5_meh,
          minmay_the_grid_square_5x5_pentomino_r,
          minmay_the_grid_square_5x5_minibox, minmay_the_grid_square_5x5_comb,
          minmay_the_grid_square_5x5_prize_monsterx,
          minmay_the_grid_square_5x5_empty,
          minmay_the_grid_square_5x5_prize_snowflake,
          minmay_the_grid_square_5x5_two_walls_b,
          minmay_the_grid_square_5x5_shuriken, minmay_the_grid_square_5x5_z,
          minmay_the_grid_square_5x5_prize_open,
          minmay_the_grid_square_5x5_eight, minmay_the_grid_square_5x5_percent,
          minmay_the_grid_square_5x5_doubleslash,
          minmay_the_grid_square_5x5_prize_rear_guard,
          minmay_the_grid_square_5x5_shrine1,
          minmay_the_grid_square_5x5_prize_deathbox,
          minmay_the_grid_square_5x5_moneybag,
          minmay_the_grid_square_5x5_minivault,
          minmay_the_grid_square_5x5_inner_v, minmay_the_grid_square_5x5_bridge,
          minmay_the_grid_square_5x5_three_walls,
          minmay_the_grid_square_5x5_dogpile], layout_basic, hell_entry,
          abyss_entry_small_statue_room, minmay_misc_feat_columns
Depths:4: grunt_bruiser_brothers, layout_basic, hell_entry, serial_shops,
          nicolae_shop_behind_doors
Zot:1:    gammafunk_its_a_trap, layout_gridlike
Zot:2:    lemuel_halls_of_wrath, layout_gridlike
Zot:3:    layout_basic
Zot:4:    layout_basic
Zot:5:    layout_misc_corridors, drop_trap, not_door_vault_mu

Skill      XL: |  1  2  3  4  5  6  7  8  9 10 11 12 13 14 15 16 17 18 19 20 21 22 23 24 25 26 27 |
---------------+----------------------------------------------------------------------------------+-----
Polearms       | 5 7 8 9 10 12 13 15 17 18 20 21 22 23 24 25 26 27 | 27.0
Fighting       | 3 4 5 7 8 9 11 12 13 15 16 17 18 19 20 22 23 24 26 27 | 27.0
Dodging        | 5 6 7 8 10 11 13 15 16 18 19 20 21 22 23 24 25 26 27 | 27.0
Armour         | 1 2 3 4 5 6 7 8 9 10 11 12 13 14 15 17 18 | 18.8
Invocations    | 5 9 11 14 15 | 15.0
Spellcasting   | 4 6 8 10 11 15 | 15.0
Transmutations | 6 9 10 | 10.0
Throwing       | |  2.0

Action                   |  1- 3 |  4- 6 |  7- 9 | 10-12 | 13-15 | 16-18 | 19-21 | 22-24 | 25-27 || total
-------------------------+-------+-------+-------+-------+-------+-------+-------+-------+-------++-------
Melee: Trident           |   141 |    89 |   458 |       |       |       |       |       |       ||   688
       Halberd           |       |       |    59 |   721 |   615 |    21 |    22 |     3 |       ||  1441
       Bardiche          |       |       |       |       |   519 |  1392 |  1728 |  1890 |  1884 ||  7413
       Glaive            |       |       |       |       |       |     4 |    36 |   141 |    67 ||   248
       Bite              |       |       |       |       |       |       |       |       |    30 ||    30
Throw: Throwing net      |       |       |       |       |       |       |       |       |     3 ||     3
 Cast: Wereblood         |       |       |       |       |       |       |       |     3 |    24 ||    27
       Apportation       |       |       |       |       |       |       |       |       |     2 ||     2
Invok: Heroism           |       |       |       |       |     1 |     4 |     7 |     8 |    17 ||    37
       Finesse           |       |       |       |       |       |     2 |     7 |     6 |    15 ||    30
Evoke: Wand              |       |       |       |    11 |     4 |     3 |     7 |     5 |    10 ||    40
       Condenser vane    |       |       |       |       |       |       |       |       |     1 ||     1
  Use: Potion            |       |     2 |     9 |     2 |     9 |     5 |    10 |    17 |    41 ||    95
       Scroll            |       |     4 |    11 |     9 |    17 |    11 |     7 |    19 |    13 ||    91
 Stab: Sleeping          |     2 |     1 |     1 |     1 |       |       |       |       |       ||     5
       Distracted        |     1 |       |       |       |     1 |     1 |     1 |     1 |     1 ||     6
       Invisible         |       |       |     2 |       |       |       |       |       |       ||     2
       Held in net/web   |       |       |       |     5 |       |       |       |       |       ||     5
       Paralysed         |       |       |       |       |     3 |       |       |       |       ||     3
       Confused          |       |       |       |       |       |       |       |       |     1 ||     1
Armor: Leather armour    |    29 |     1 |       |    30 |    64 |       |       |       |       ||   124
       Ring mail         |       |    25 |    66 |    19 |       |       |       |       |       ||   110
       Skin              |       |       |    61 |       |     2 |       |       |       |       ||    63
       Scale mail        |       |       |       |    21 |       |       |       |       |       ||    21
       Plate armour      |       |       |       |    75 |   286 |   607 |   713 |   777 |   813 ||  3271
Dodge: Dodged            |    53 |    40 |   283 |   368 |   829 |  1000 |  1045 |  1326 |  1584 ||  6528
Block: Other             |       |       |    15 |    70 |       |       |       |       |       ||    85
       Reflection        |       |       |       |     5 |       |       |       |       |       ||     5

Table legend: (Time is in decaauts)
 A = Elapsed time spent in this place.
 B = Non-inter-level travel time spent in this place.
 C = Inter-level travel time spent in this place.
 D = Time resting spent in this place.
 E = Time spent auto-exploring this place.
 F = Levels seen in this place.
 G = Mean time per level.
                   A        B        C        D        E       F      G
               +--------+--------+--------+--------+--------+-----+--------+
         Total |  65539 |  60350 |   5189 |   7707 |  32521 |  53 | 1236.6 |
       Dungeon |  18115 |  16676 |   1439 |   2064 |  11020 |  15 | 1207.7 |
        Temple |    824 |    783 |     41 |    280 |    405 |   1 |  824.0 |
          Lair |  10447 |   9561 |    886 |   2455 |   5150 |   6 | 1741.2 |
         Swamp |   3131 |   2845 |    286 |    514 |   1226 |   4 |  782.8 |
     Snake Pit |   3384 |   3223 |    161 |     79 |   1868 |   4 |  846.0 |
  Orcish Mines |   1831 |   1593 |    238 |     40 |   1004 |   2 |  915.5 |
   Elven Halls |   6141 |   5808 |    333 |    194 |   3723 |   3 | 2047.0 |
        Vaults |   8025 |   7490 |    535 |    525 |   4188 |   5 | 1605.0 |
        Depths |   5937 |   5075 |    862 |    396 |   1826 |   4 | 1484.2 |
           Zot |   5352 |   4949 |    403 |    685 |   1678 |   5 | 1070.4 |
        Bazaar |    136 |    136 |      0 |      0 |     56 |   1 |  136.0 |
       Ossuary |    928 |    928 |      0 |    473 |     29 |   1 |  928.0 |
      Ice Cave |    237 |    237 |      0 |      0 |      0 |   1 |  237.0 |
    Desolation |   1044 |   1044 |      0 |      0 |    346 |   1 | 1044.0 |
               +--------+--------+--------+--------+--------+-----+--------+

Top non-repeatable levels by time:
   Elf:3: 3300 daAuts
  Lair:6: 2456 daAuts
  Lair:5: 2370 daAuts
  Lair:3: 2307 daAuts
Vaults:3: 2099 daAuts
     D:9: 2074 daAuts
Vaults:4: 1885 daAuts
    D:10: 1787 daAuts
Depths:3: 1649 daAuts
   Elf:2: 1638 daAuts
     D:2: 1540 daAuts
Vaults:1: 1526 daAuts
Depths:4: 1484 daAuts
Depths:1: 1409 daAuts
     D:6: 1395 daAuts
